 Dungeon Crawl Stone Soup version 0.30.0-10-gfe55d96785 (webtiles) character file.

Game seed: 4880781580366515655

129 Esekla the Magician (level 4, -3/24 HPs)
             Began as a Deep Elf Hedge Wizard on May 14, 2023.
             Slain by an orc
             ... wielding a +0 dagger
              (4 damage)
             ... on level 3 of the Dungeon.
             The game lasted 00:14:26 (2932 turns).

Esekla the Magician (Deep Elf Hedge Wizard)         Turns: 2932, Time: 00:14:26

Health: -3/24      AC:  2    Str:  5 (7)  XL:     4   Next: 88%
Magic:  13/22      EV: 12    Int: 20 (21) God:
Gold:   166        SH:  0    Dex: 12 (14) Spells: 7/13 levels left

rFire   . . .        a - +2 falchion (holy)
rCold   . . .        (no shield)
rNeg    . . .        b - +0 robe
rPois   .            c - +0 hat
rElec   .            (no cloak)
rCorr   .            (no gloves)
SInv    .            (no boots)
Will    .....        (no amulet)
Stlth   ++           i - ring of magical power
HPRegen 0.24/turn    (no ring)
MPRegen 0.18/turn

%: no passive effects
@: on blink cooldown, very slightly contaminated
A: no striking features
a: no special abilities


You were on level 3 of the Dungeon.
You visited 1 branch of the dungeon, and saw 3 of its levels.

You collected 166 gold pieces.

Inventory:

Hand Weapons
 a - a +2 falchion of holy wrath (weapon)
 s - a +0 dagger
Missiles
 n - a poisoned dart (quivered)
Armour
 b - a +0 robe (worn)
 c - a +0 hat (worn)
 l - a +0 buckler
Jewellery
 i - a ring of magical power (left hand)
Scrolls
 e - a scroll of noise {unknown}
 f - 2 scrolls of amnesia {unknown}
 h - 2 scrolls of blinking {unknown}
 k - a scroll of brand weapon {unknown}
 m - 2 scrolls of identify {unknown}
 q - a scroll of silence {unknown}
Potions
 d - a potion of magic
 j - a potion of might {unknown}
 p - a potion of attraction {unknown}


   Skills:
 + Level 0.1 Fighting
 + Level 1.1 Long Blades
 + Level 2.8 Dodging
 + Level 2.8 Stealth
 * Level 5.4 Spellcasting
 + Level 1.5 Conjurations
 - Level 1.1 Summonings
 * Level 2.1 Translocations
 * Level 1.3 Air Magic
 * Level 1.6 Poison Magic


You had 7 spell levels left.
You knew the following spells:

 Your Spells              Type           Power      Damage    Failure   Level
a - Magic Dart            Conj           44%        1d5       6%          1
b - Blink                 Tloc           28%        N/A       7%          2
c - Mephitic Cloud        Conj/Pois/Air  11%        N/A       19%         3

Your spell library contained the following spells:

 Spells                   Type           Power      Damage    Failure   Level
 Summon Small Mammal      Summ           36%        N/A       7%          1
 Slow                     Hex            20%        N/A       11%         1
 Call Imp                 Summ           18%        N/A       11%         2
 Cigotuvi's Dreadful Rot  Necr/Pois/Air  18%        N/A       11%         2
 Call Canine Familiar     Summ           9%         N/A       22%         3
 Summon Guardian Golem    Hex/Summ       7%         N/A       26%         3


Dungeon Overview and Level Annotations

Branches:
Dungeon (3/15)

Altars:


Message History

The orc is moderately wounded.
Something misses the orc.
The orc is engulfed in noxious fumes.
The orc appears confused.
The orc closely misses something.
Throw: 3 darts (poison)
Press: ? - help, Q - select action, (/) - cycle Shift-Dir - straight line, f - orc, p - orc
Aim: an orc, wielding a +0 club (57% to hit)
You throw a poisoned dart.
The poisoned dart barely misses the orc.
The poisoned dart hits the orc.
The orc is poisoned.
The orc is heavily wounded.
The orc is engulfed in noxious fumes.
Throw: 2 darts (poison)
Press: ? - help, Q - select action, (/) - cycle Shift-Dir - straight line, f - adder, p - orc
Aim: an adder (38% to hit)
You throw a poisoned dart.
The poisoned dart barely misses the orc.
The poisoned dart hits the adder.
Something hits you but does no damage.
The orc is engulfed in noxious fumes.
The orc appears confused.
Okay, then.
Casting: Mephitic Cloud (extremely dangerous; 17% risk of failure)
Confirm with . or Enter, or press ? or * to list all spells.
You blink.
The adder completely misses you.
Something hits the orc.
The orc is engulfed in noxious fumes.
The orc appears confused.
The orc hits you with a +0 dagger.
* * * LOW HITPOINT WARNING * * *
The orc hits you with a +0 dagger.
* * * LOW HITPOINT WARNING * * *
It was a potion of degeneration.
There was something very wrong with that liquid.
You feel weakened.
You feel dopey.
You feel clumsy. The adder bites you but does no damage.
Something barely misses the orc.
The adder closely misses you. The orc completely misses you.
The orc misses you.
It was a potion of curing.
You feel better. The adder bites you.
* * * LOW HITPOINT WARNING * * *
The orc hits you with a +0 dagger.
* * * LOW HITPOINT WARNING * * *
The orc hits you with a +0 dagger.
You die...

########## #........#
#........# #.........
############........#
#{.o@oo))>.#........#
#####S###..#######...
#o......## #...
#....J...#####...
#......#.........
#................
#............#.##
#.......##...#.##
#................


You could see an orc priest, an adder, 3 orcs and an endoplasm.

Vanquished Creatures
  An orc wizard (D:3)
  3 adders
  A dart slug (D:1)
  9 orcs
  4 ball pythons
  6 endoplasms
  6 giant cockroaches
  3 goblins (D:1)
  7 jackals
  7 kobolds
  2 quokkas (D:1)
  6 bats
  2 frilled lizards
  7 rats
64 creatures vanquished.

Notes
Turn   | Place    | Note
-------+----------+-------------------------------------------
     0 | D:1      | Esekla the Deep Elf Hedge Wizard began the quest for the
                  | Orb.
     0 | D:1      | Reached XP level 1. HP: 10/10 MP: 7/7
   353 | D:1      | Reached XP level 2. HP: 15/15 MP: 6/9
   377 | D:1      | Learned a level 2 spell: Blink
   480 | D:1      | Reached skill level 5 in Spellcasting
  1135 | D:1      | Reached skill level 1 in Air Magic
  1169 | D:1      | Reached XP level 3. HP: 19/19 MP: 7/11
  1173 | D:1      | Learned a level 3 spell: Mephitic Cloud
  1830 | D:2      | Reached skill level 1 in Poison Magic
  1910 | D:2      | Identified the +5 flail "Nuib" {freeze, *Corrode rF+ Dex+5
                  | Stlth+}
  2156 | D:2      | Reached XP level 4. HP: 4/24 MP: 13/13
  2711 | D:3      | Reached skill level 1 in Long Blades
  2930 | D:3      | HP: 1/24 [orc/+0 dagger (2)]
  2932 | D:3      | Slain by an orc

Illustrated notes

Levels and vault maps discovered:
D:1:      dpeg_arrival_pond, layout_loops_corners, moated_statue, minmay_cupped
D:2:      layout_loops_ring, amcnicky_mini_pool_small
D:3:      layout_basic

Skill      XL: |  1  2  3  4 |
---------------+-------------+-----
Spellcasting   | 5 |  5.4
Air Magic      | 1 |  1.3
Poison Magic   | 1 |  1.6
Long Blades    | 1 |  1.1
Translocations | 2 |  2.1
Fighting       | |  0.1
Dodging        | |  2.8
Stealth        | |  2.8
Conjurations   | |  1.5
Summonings     | |  1.1

Action                     |  1- 3 |  4- 6 || total
---------------------------+-------+-------++-------
  Melee: Dagger            |    26 |     5 ||    31
         Falchion          |    68 |    35 ||   103
         Punch             |     1 |       ||     1
  Throw: Dart              |       |     3 ||     3
   Cast: Magic Dart        |    44 |    20 ||    64
         Mephitic Cloud    |     1 |     3 ||     4
         Blink             |     1 |     1 ||     2
    Use: Potion            |       |     2 ||     2
   Stab: Sleeping          |     4 |     1 ||     5
         Confused          |       |     2 ||     2
 Armour: Robe              |    21 |    11 ||    32
  Dodge: Dodged            |    55 |    36 ||    91
